 Dungeon Crawl Stone Soup version 0.31.0-9-g3a7656b989 (webtiles) character file.

Game seed: 4799301927969143209

61488 qw the Markself (level 14, -23/84 (88) HPs)
             Began as a Deep Elf Hunter on Feb 2, 2024.
             Was the Champion of Okawaru.
             Annihilated by a dire elephant simulacrum (37 damage)
             ... animated by a necromancer
             ... on level 5 of the Lair of Beasts.
             The game lasted 00:02:51 (17173 turns).

qw the Markself (Deep Elf Hunter)                  Turns: 17173, Time: 00:02:52

HP:   -23/84 (88)   AC: 20    Str: 12    XL:     14   Next: 60%
MP:   23/23         EV: 23    Int: 16    God:    Okawaru [******]
Gold: 509           SH:  5    Dex: 24    Spells: 13/13 levels left

rFire   . . .        c - +1 arbalest (freeze)
rCold   . . .        (shield currently unavailable)
rNeg    . . .        y - +0 swamp dragon scales
rPois   +            f - +2 helmet
rElec   .            n - +1 cloak {Stlth+}
rCorr   .            z - +0 pair of gloves
SInv    .            g - +2 pair of boots {Stlth+}
Will    +....        t - amulet of reflection
Stlth   ++++         k - +6 ring of dexterity
HPRegen 0.34/turn    m - +4 ring of slaying {mikee}
MPRegen 0.18/turn

%: reflection
@: lightly drained
A: no striking features
a: Renounce Religion, Heroism, Finesse, Duel, Receive Weapon, Receive Armour


You were on level 5 of the Lair of Beasts.
You worshipped Okawaru.
Okawaru was exalted by your worship.
You visited 3 branches of the dungeon, and saw 16 of its levels.
You also visited: Sewer.

You collected 871 gold pieces.
You spent 362 gold pieces at shops.


   Skills:
 + Level 10.6 Fighting
 - Level 18.0 Ranged Weapons
 - Level 8.0 Armour
 - Level 16.2 Dodging
 - Level 1.2 Stealth
 - Level 10.0 Invocations


You had 13 spell levels left.
You didn't know any spells.
Your spell library was empty.

Inventory:

Hand Weapons
 c - a +1 arbalest of freezing (weapon)
Armour
 f - a +2 helmet (worn)
 g - a +2 pair of boots of stealth (worn)
 n - a +1 cloak of stealth (worn)
 y - +0 swamp dragon scales (worn)
 z - a +0 pair of gloves (worn)
Jewellery
 k - a +6 ring of dexterity (left hand)
 m - a +4 ring of slaying (right hand) {mikee}
 q - a ring of fire
 t - an amulet of reflection (around neck)
Wands
 d - a wand of charming (7)
 h - a wand of digging (6)
 s - a wand of quicksilver (6)
 u - a wand of roots (12)
Scrolls
 o - 2 scrolls of identify
Potions
 a - a potion of magic
 b - 9 potions of curing
 j - 4 potions of mutation
 r - 3 potions of might
 v - 3 potions of resistance
 x - a potion of enlightenment

Dungeon Overview and Level Annotations

Branches:
Dungeon (10/15)            Temple (1/1) D:7            Lair (5/5) D:9
  Swamp (0/4) Lair:3       Spider (0/4) Lair:3        Slime (0/5) Lair:5
    Orc (0/2) D:9           Sewer (visited)

Altars:
Ashenzari
Cheibriados
Dithmenos
Elyvilon
Fedhas
Gozag
Hepliaklqana
Kikubaaqudgha
Makhleb
Nemelex Xobeh
Okawaru
Qazlal
Ru
Sif Muna
Trog
Uskayaw
Vehumet
Wu Jian
Xom
Yredelemnul
Zin
The Shining One
Jiyva

Shops:
D:1 :   D:4 ?*=   D:5 ?   D:10 ?

Portals:
Trove: D:10 (give horn of Geryon)

Annotations:
D:4 1 runed translucent door, Crazy Yiuf
Lair:1 2 transporters, qw's ghost, novice SpHu


Message History

The bolt hits the dire elephant simulacrum but does no damage.
The dire elephant simulacrum is severely damaged.
The necromancer casts a spell.
The necromancer binds the souls of nearby monsters.
The dire elephant simulacrum tramples you!
You stumble backwards!
You shoot a bolt.
The bolt hits the dire elephant simulacrum.
The dire elephant simulacrum is severely damaged.
The necromancer completely misses you.
The dire elephant simulacrum barely misses you.
The dire elephant simulacrum trunk-slaps you but does no damage.
The necromancer points at you and mumbles some strange words.
The bolt of negative energy misses you.
You shoot a bolt.
The bolt hits the dire elephant simulacrum.
The dire elephant simulacrum is almost destroyed.
The dire elephant simulacrum closely misses you.
The dire elephant simulacrum completely misses you.
The dire elephant simulacrum misses you.
You block the dire elephant simulacrum's attack.
The necromancer closely misses you.
You shoot a bolt.
The bolt hits the dire elephant simulacrum.
The dire elephant simulacrum is almost destroyed.
The dire elephant simulacrum tramples you!
You hold your ground!
The dire elephant simulacrum trunk-slaps you but does no damage.
The necromancer points at you and mumbles some strange words.
The bolt of negative energy hits you!!
You feel drained.
You block the dire elephant simulacrum's attack.
The dire elephant simulacrum trunk-slaps you but does no damage.
You shoot a bolt.
The bolt hits the dire elephant simulacrum!
The dire elephant simulacrum vaporises!
The necromancer closely misses you.
The dire elephant simulacrum misses you.
The dire elephant simulacrum trunk-slaps you.
The dire elephant simulacrum freezes you!!!
You die...

.#P.(..#..#.####''#
....P.##?.#.##.~~~##
.##...##..#.#.~~~~~#
.......#.[#.# ~~~~~#
##..P...#.#.## ~~..
##........#..# ..#
###.#...P.##.####'##
##....#...7#...#8Z8#
.....####..###%#@p.#
....##
#...##.##0.####
.####
#...7#.P#..'..# ##
##..7##.#..'.P##
#...7 #.#####..#
##.7# #..P.'...#
###.P# ###..'...##
#.#.7# +..8##...#
##..# #####P...#


You could see a necromancer and a dire elephant simulacrum.

Vanquished Creatures
  Gastronok (Lair:2)
  4 dire elephants (Lair:5)
  4 hydras
  3 catoblepae
  2 boulder beetles
  A two-headed ogre (D:10)
  6 death yaks (Lair:5)
  Erica (D:9)
  2 spectral death yaks (Lair:5)
  4 skysharks
  A fire crab (Lair:5)
  A spectral anaconda (Lair:5)
  A lindwurm (Lair:5)
  A necromancer (Lair:5)
  A deep elf pyromancer (D:7)
  A cyclops (D:7)
  Maurice (D:7)
  Joseph (D:7)
  A manticore (D:8)
  16 elephants
  A dire elephant zombie (Lair:5)
  A meliai (Lair:3)
  12 cane toads
  4 black mambas
  Maggie (Lair:2)
  An eye of devastation (Lair:5)
  6 rime drakes
  6 komodo dragons
  A troll (D:9)
  6 polar bears
  A hornet (D:9)
  19 blink frogs
  A glass eye (Lair:5)
  A shadow (D:9)
  Eustachio (D:5)
  10 wyverns
  A wraith (D:10)
  69 yaks
  A steam dragon (D:8)
  A death yak simulacrum (Lair:5)
  3 basilisks
  2 spectral cane toads (Lair:5)
  2 swamp worms (Lair:3)
  15 water moccasins
  2 acid dragons (D:10)
  7 orc warriors
  2 ice beasts
  4 black bears
  2 elephant zombies (Lair:5)
  10 wolves
  3 ogres
  2 centaurs
  A phantom (D:4)
  6 kobold brigands
  Blork the orc (D:5)
  10 bullfrogs
  2 gnoll sergeants (D:10)
  4 scorpions
  3 cane toad simulacra (Lair:5)
  12 wights
  4 killer bees (D:9)
  2 elephant simulacra (Lair:5)
  2 howler monkeys
  A bombardier beetle (D:3)
  9 orc priests
  2 hounds
  2 jellies
  A gnoll bouda (D:7)
  A sleepcap (D:5)
  Jessica (D:3)
  2 iguanas (D:6)
  8 orc wizards
  Natasha (D:2)
  19 gnolls
  16 adders
  3 river rats (Sewer)
  3 white imps
  2 ufetubi (D:7)
  4 ribbon worms
  2 dart slugs
  47 orcs
  A bat (D:2)
  4 endoplasms
  4 giant cockroaches (D:1)
  7 goblins
  5 hobgoblins
  4 jackals (D:4)
  5 quokkas
  11 ball pythons
  2 frilled lizards
  22 kobolds
  5 rats
492 creatures vanquished.

Vanquished Creatures (collateral kills)
  A giant cockroach (D:4)
  2 quokkas (D:4)
3 creatures vanquished.

Vanquished Creatures (others)
  2 orcs (D:8)
2 creatures vanquished.

Grand Total: 497 creatures vanquished

Notes
Turn   | Place    | Note
-------+----------+-------------------------------------------
     0 | D:1      | qw the Deep Elf Hunter began the quest for the Orb.
     0 | D:1      | Reached XP level 1. HP: 12/12 MP: 3/3
     0 | D:1      | 0 ||| qw: Version: 0.3-a-155-g5e7d8dd
     0 | D:1      | 0 ||| qw: Game counter: 981
     0 | D:1      | 0 ||| qw: Melee chars always use a shield: true
     0 | D:1      | 0 ||| qw: God list: Okawaru
     0 | D:1      | 0 ||| qw: Allow faded altars: false
     0 | D:1      | 0 ||| qw: Do Orc after clearing Dungeon:15 true
     0 | D:1      | 0 ||| qw: Do second Lair branch before Depths: true
     0 | D:1      | 0 ||| qw: Lair rune preference: random
     0 | D:1      | 0 ||| qw: Goals: Normal
     0 | D:1      | 0 ||| PLANNING D:1-11
     3 | D:1      | Found Raalat's Book Shop.
   273 | D:1      | Reached skill level 6 in Ranged Weapons
   273 | D:1      | Reached XP level 2. HP: 16/16 MP: 4/4
   600 | D:1      | 600 ||| UPGRADING to +0 ring mail.
   610 | D:1      | 610 ||| DROPPING +0 leather armour.
   611 | D:1      | 611 ||| UPGRADING to +1 pair of boots of stealth.
   616 | D:1      | 616 ||| READING scroll labelled TOSIOLEWON.
   616 | D:1      | 616 ||| ENCHANTING +0 shortbow.
   617 | D:1      | 617 ||| READING scroll labelled XUCAQA RYAMOCS.
   617 | D:1      | Identified a scroll of acquirement
   617 | D:1      | 617 ||| ACQUIRING +4 ring mail of Pragmatism {rC- Str+5
                  | Dex-2}
   617 | D:1      | Acquired the +4 ring mail of Pragmatism {rC- Str+5 Dex-2}
   619 | D:1      | 619 ||| DRINKING 2 fizzy brown potions.
   620 | D:1      | 620 ||| DROPPING scroll of butterflies.
   745 | D:2      | Reached XP level 3. HP: 20/20 MP: 5/5
   915 | D:2      | Noticed a glass eye
   928 | D:2      | Reached skill level 7 in Ranged Weapons
   965 | D:2      | Noticed a great orb of eyes
   966 | D:2      | Found a faded altar of an unknown god.
   971 | D:2      | Noticed a shining eye
   974 | D:2      | 974 ||| UPGRADING to +0 helmet.
   974 | D:2      | Noticed Natasha
   986 | D:2      | Reached XP level 4. HP: 15/25 MP: 6/6
   986 | D:2      | Killed Natasha
  1038 | D:2      | Noticed an eye of devastation
  1045 | D:2      | Reached skill level 8 in Ranged Weapons
  1058 | D:2      | 1058 ||| FLEEEEING.
  1059 | D:2      | 1059 ||| FLEEEEING.
  1060 | D:2      | 1060 ||| FLEEEEING.
  1061 | D:2      | 1061 ||| STAIRDANCE
  1079 | D:1      | 1079 ||| READING scroll labelled XABREA MOOTSU.
  1125 | D:1      | 1125 ||| READING scroll labelled FUOXAW VUIKIGI.
  1125 | D:1      | 1125 ||| IDENTIFYING orange potion
  1126 | D:1      | 1126 ||| DRINKING 2 puce potions.
  1127 | D:1      | 1127 ||| DROPPING potion of degeneration.
  1345 | D:2      | 1345 ||| READING scroll labelled SAEHUI XAPEQE.
  1565 | D:3      | Reached XP level 5. HP: 29/29 MP: 7/7
  1951 | D:3      | Noticed Jessica
  1953 | D:3      | 1953 ||| DRINKING potion of haste.
  1954 | D:3      | Killed Jessica
  1955 | D:3      | Reached skill level 9 in Ranged Weapons
  2021 | D:3      | 2021 ||| DROPPING ring of wizardry.
  2022 | D:3      | 2022 ||| READING 2 scrolls of identify.
  2022 | D:3      | 2022 ||| IDENTIFYING fizzy yellow potion
  2023 | D:3      | 2023 ||| READING scroll of identify.
  2023 | D:3      | 2023 ||| IDENTIFYING scroll labelled YMUDOL FASAO
  2024 | D:3      | 2024 ||| DROPPING scroll of vulnerability.
  2025 | D:3      | 2025 ||| DROPPING potion of magic.
  2053 | D:4      | 2053 ||| PLANNING SEWER
  2147 | D:4      | 2147 ||| FLEEEEING.
  2148 | D:4      | 2148 ||| FLEEEEING.
  2149 | D:4      | 2149 ||| FLEEEEING.
  2150 | D:4      | 2150 ||| FLEEEEING.
  2151 | D:4      | 2151 ||| FLEEEEING.
  2152 | D:4      | 2152 ||| FLEEEEING.
  2153 | D:4      | 2153 ||| FLEEEEING.
  2154 | D:4      | 2154 ||| FLEEEEING.
  2155 | D:4      | 2155 ||| FLEEEEING.
  2156 | D:4      | 2156 ||| FLEEEEING.
  2157 | D:4      | 2157 ||| FLEEEEING.
  2158 | D:4      | 2158 ||| FLEEEEING.
  2159 | D:4      | 2159 ||| FLEEEEING.
  2160 | D:4      | 2160 ||| FLEEEEING.
  2161 | D:4      | 2161 ||| FLEEEEING.
  2162 | D:4      | 2162 ||| FLEEEEING.
  2163 | D:4      | 2163 ||| FLEEEEING.
  2164 | D:4      | 2164 ||| FLEEEEING.
  2165 | D:4      | 2165 ||| FLEEEEING.
  2166 | D:4      | 2166 ||| FLEEEEING.
  2167 | D:4      | 2167 ||| FLEEEEING.
  2168 | D:4      | 2168 ||| FLEEEEING.
  2169 | D:4      | 2169 ||| FLEEEEING.
  2170 | D:4      | 2170 ||| FLEEEEING.
  2171 | D:4      | 2171 ||| FLEEEEING.
  2278 | D:4      | Reached skill level 1 in Armour
  2327 | D:4      | Reached XP level 6. HP: 27/35 MP: 8/8
  2332 | D:4      | 2332 ||| FLEEEEING.
  2333 | D:4      | 2333 ||| FLEEEEING.
  2334 | D:4      | 2334 ||| FLEEEEING.
  2335 | D:4      | 2335 ||| FLEEEEING.
  2336 | D:4      | 2336 ||| FLEEEEING.
  2337 | D:4      | 2337 ||| FLEEEEING.
  2338 | D:4      | 2338 ||| FLEEEEING.
  2339 | D:4      | 2339 ||| FLEEEEING.
  2340 | D:4      | 2340 ||| FLEEEEING.
  2341 | D:4      | 2341 ||| FLEEEEING.
  2342 | D:4      | 2342 ||| FLEEEEING.
  2343 | D:4      | 2343 ||| FLEEEEING.
  2344 | D:4      | 2344 ||| FLEEEEING.
  2345 | D:4      | 2345 ||| FLEEEEING.
  2346 | D:4      | 2346 ||| FLEEEEING.
  2408 | D:4      | Found a glowing drain.
  2435 | D:4      | 2435 ||| READING scroll labelled HALOGE NEBEPTA.
  2452 | Sewer    | Entered a sewer
  2635 | Sewer    | Reached skill level 10 in Ranged Weapons
  2662 | Sewer    | HP: 7/35 [poisoned by a kobold brigand (curare-tipped
                  | dart)]
  2666 | Sewer    | Reached skill level 3 in Dodging
  2841 | Sewer    | 2841 ||| READING scroll labelled EBBOXACIPAA.
  2841 | Sewer    | 2841 ||| ENCHANTING +0 helmet.
  2842 | Sewer    | 2842 ||| READING scroll labelled MUSUUQ QEZEAMUE.
  2843 | Sewer    | 2843 ||| DRINKING 2 bubbling pink potions.
  2883 | D:4      | 2883 ||| PLANNING D:1-11
  2991 | D:4      | Found Erygguena's Jewellery Emporium.
  2995 | D:4      | 2995 ||| SHOPLISTING amulet of Cheibriados's Esteem {Faith
                  | +Inv} (756 gold, have 152).
  2995 | D:4      | 2995 ||| SHOPLISTING ring of Boris {rPois rF- rN+ Str+4
                  | Stlth-} (436 gold, have 152).
  2995 | D:4      | 2995 ||| SHOPLISTING ring of fire (350 gold, have 152).
  2995 | D:4      | 2995 ||| SHOPLISTING ring of poison resistance (280 gold,
                  | have 152).
  2995 | D:4      | 2995 ||| SHOPLISTING ring of protection from cold (350
                  | gold, have 152).
  2995 | D:4      | 2995 ||| SHOPLISTING ring of protection from fire (350
                  | gold, have 152).
  2995 | D:4      | 2995 ||| SHOPLISTING ring of see invisible (210 gold, have
                  | 152).
  3023 | D:4      | Found a runed translucent door.
  3024 | D:4      | Noticed Crazy Yiuf
  3127 | D:4      | Found Bustocic's Magic Scroll Shop.
  3135 | D:4      | 3135 ||| BUYING 3 scrolls of identify (84 gold).
  3135 | D:4      | Bought 3 scrolls of identify for 84 gold pieces
  3135 | D:4      | 3135 ||| BUYING scroll of identify (28 gold).
  3135 | D:4      | Bought a scroll of identify for 28 gold pieces
  3135 | D:4      | 3135 ||| BUYING scroll of identify (28 gold).
  3135 | D:4      | Bought a scroll of identify for 28 gold pieces
  3135 | D:4      | 3135 ||| SHOPLISTING scroll of teleportation (42 gold, have
                  | 12).
  3184 | D:4      | Found Gagilumo's General Store.
  3191 | D:4      | 3191 ||| SHOPLISTING 2 potions of heal wounds (130 gold,
                  | have 43).
  3191 | D:4      | 3191 ||| SHOPLISTING scroll of enchant armour (97 gold,
                  | have 43).
  3208 | D:4      | Reached XP level 7. HP: 38/40 MP: 9/9
  3350 | D:4      | 3350 ||| READING scroll of enchant weapon.
  3350 | D:4      | 3350 ||| ENCHANTING +1 shortbow.
  3398 | D:4      | 3398 ||| UPGRADING to +6 ring of dexterity.
  3399 | D:4      | 3399 ||| DROPPING ring of magical power.
  3400 | D:4      | 3400 ||| READING 6 scrolls of identify.
  3400 | D:4      | 3400 ||| IDENTIFYING coppery potion
  3401 | D:4      | 3401 ||| READING 5 scrolls of identify.
  3401 | D:4      | 3401 ||| IDENTIFYING bubbling coppery potion
  3402 | D:4      | 3402 ||| READING 4 scrolls of identify.
  3402 | D:4      | 3402 ||| IDENTIFYING white potion
  3403 | D:4      | 3403 ||| READING 3 scrolls of identify.
  3403 | D:4      | 3403 ||| IDENTIFYING scroll labelled DEFIFU ZOURGH
  3404 | D:4      | 3404 ||| READING 2 scrolls of identify.
  3404 | D:4      | 3404 ||| IDENTIFYING scroll labelled MUXAFOI CEWA
  3405 | D:4      | 3405 ||| DROPPING scroll of poison.
  3406 | D:4      | 3406 ||| DROPPING potion of invisibility.
  3407 | D:4      | 3407 ||| DROPPING potion of brilliance.
  3408 | D:4      | 3408 ||| DROPPING scroll of amnesia.
  3466 | D:5      | Entered Level 5 of the Dungeon
  3467 | D:5      | 3467 ||| STAIRDANCE
  3625 | D:5      | Noticed Eustachio
  3627 | D:5      | 3627 ||| FLEEEEING.
  3631 | D:5      | 3631 ||| FLEEEEING.
  3636 | D:5      | 3636 ||| FLEEEEING.
  3637 | D:5      | 3637 ||| FLEEEEING.
  3638 | D:5      | 3638 ||| FLEEEEING.
  3639 | D:5      | 3639 ||| FLEEEEING.
  3667 | D:5      | Killed Eustachio
  3668 | D:5      | Reached skill level 11 in Ranged Weapons
  3727 | D:5      | 3727 ||| READING scroll of enchant armour.
  3727 | D:5      | 3727 ||| ENCHANTING +1 helmet.
  3734 | D:5      | 3734 ||| FLEEEEING.
  3740 | D:5      | 3740 ||| FLEEEEING.
  3741 | D:5      | 3741 ||| FLEEEEING.
  3744 | D:5      | 3744 ||| FLEEEEING.
  3745 | D:5      | 3745 ||| FLEEEEING.
  3746 | D:5      | 3746 ||| FLEEEEING.
  3747 | D:5      | 3747 ||| FLEEEEING.
  3748 | D:5      | 3748 ||| FLEEEEING.
  3749 | D:5      | 3749 ||| FLEEEEING.
  3750 | D:5      | 3750 ||| FLEEEEING.
  3751 | D:5      | 3751 ||| FLEEEEING.
  3752 | D:5      | 3752 ||| FLEEEEING.
  3753 | D:5      | 3753 ||| FLEEEEING.
  3754 | D:5      | 3754 ||| FLEEEEING.
  3755 | D:5      | 3755 ||| FLEEEEING.
  3756 | D:5      | 3756 ||| FLEEEEING.
  3757 | D:5      | 3757 ||| FLEEEEING.
  3758 | D:5      | 3758 ||| FLEEEEING.
  3759 | D:5      | 3759 ||| FLEEEEING.
  3760 | D:5      | 3760 ||| FLEEEEING.
  3761 | D:5      | 3761 ||| FLEEEEING.
  3762 | D:5      | 3762 ||| FLEEEEING.
  3762 | D:5      | Found Kofeodgh's Magic Scroll Shoppe.
  3763 | D:5      | 3763 ||| FLEEEEING.
  3764 | D:5      | 3764 ||| FLEEEEING.
  3765 | D:5      | 3765 ||| FLEEEEING.
  3766 | D:5      | 3766 ||| FLEEEEING.
  3767 | D:5      | 3767 ||| FLEEEEING.
  3768 | D:5      | 3768 ||| FLEEEEING.
  3769 | D:5      | 3769 ||| FLEEEEING.
  3770 | D:5      | 3770 ||| FLEEEEING.
  3771 | D:5      | 3771 ||| FLEEEEING.
  3772 | D:5      | 3772 ||| FLEEEEING.
  3773 | D:5      | 3773 ||| FLEEEEING.
  3774 | D:5      | 3774 ||| STAIRDANCE
  3872 | D:4      | 3872 ||| READING 2 scrolls of identify.
  3872 | D:4      | 3872 ||| IDENTIFYING metallic grey potion
  3968 | D:5      | Noticed Blork the orc
  3971 | D:5      | Killed Blork the orc
  3972 | D:5      | Reached skill level 12 in Ranged Weapons
  3972 | D:5      | Reached XP level 8. HP: 44/44 MP: 10/10
  4152 | D:5      | 4152 ||| FLEEEEING.
  4172 | D:5      | Reached skill level 3 in Fighting
  4194 | D:5      | 4194 ||| FLEEEEING.
  4195 | D:5      | 4195 ||| FLEEEEING.
  4283 | D:5      | 4283 ||| BUYING scroll of enchant armour (90 gold).
  4283 | D:5      | Bought a scroll of enchant armour for 90 gold pieces
  4283 | D:5      | 4283 ||| BUYING scroll of identify (24 gold).
  4283 | D:5      | Bought a scroll of identify for 24 gold pieces
  4283 | D:5      | 4283 ||| SHOPLISTING scroll of identify (24 gold, have 9).
  4283 | D:5      | 4283 ||| SHOPLISTING scroll of teleportation (36 gold, have
                  | 9).
  4283 | D:5      | 4283 ||| READING scroll of enchant armour.
  4283 | D:5      | 4283 ||| ENCHANTING +1 pair of boots of stealth.
  4404 | D:5      | 4404 ||| READING 3 scrolls of identify.
  4404 | D:5      | 4404 ||| IDENTIFYING scroll labelled CYUGEP IREI
  4405 | D:5      | 4405 ||| DROPPING scroll of noise.
  4454 | D:6      | 4454 ||| FLEEEEING.
  4552 | D:6      | 4552 ||| READING scroll of enchant weapon.
  4552 | D:6      | 4552 ||| ENCHANTING +2 shortbow.
  4673 | D:6      | 4673 ||| RETREEEEATING.
  4674 | D:6      | 4674 ||| RETREEEEATING.
  4677 | D:6      | Reached skill level 13 in Ranged Weapons
  4677 | D:6      | 4677 ||| RETREEEEATING.
  4678 | D:6      | 4678 ||| RETREEEEATING.
  4679 | D:6      | 4679 ||| RETREEEEATING.
  4684 | D:6      | HP: 3/46 [ice beast (12)]
  4685 | D:6      | 4685 ||| READING scroll of teleportation.
  4686 | D:6      | 4686 ||| DRINKING 4 potions of heal wounds.
  4872 | D:6      | Found a snail-covered altar of Cheibriados.
  5088 | D:6      | Reached skill level 14 in Ranged Weapons
  5165 | D:6      | 5165 ||| READING 3 scrolls of identify.
  5165 | D:6      | 5165 ||| IDENTIFYING scroll labelled NORODGH LUQIUSAPH
  5166 | D:6      | 5166 ||| READING 2 scrolls of identify.
  5166 | D:6      | 5166 ||| IDENTIFYING scroll labelled EGUMIS SEALAI
  5167 | D:6      | 5167 ||| DROPPING scroll of fear.
  5168 | D:6      | 5168 ||| DROPPING scroll of fog.
  5231 | D:7      | 5231 ||| FLEEEEING.
  5241 | D:7      | 5241 ||| FLEEEEING.
  5242 | D:7      | 5242 ||| FLEEEEING.
  5436 | D:7      | Reached skill level 6 in Dodging
  5436 | D:7      | Reached XP level 9. HP: 27/50 MP: 11/11
  5540 | D:7      | Noticed a deep elf pyromancer
  5540 | D:7      | Noticed a cyclops
  5545 | D:7      | 5545 ||| FLEEEEING.
  5555 | D:7      | Killed a deep elf pyromancer
  5617 | D:7      | 5617 ||| DROPPING wand of flame (14).
  5639 | D:7      | Killed a cyclops
  5832 | D:7      | Found a broken altar of Ashenzari.
  6059 | D:7      | Reached skill level 9 in Dodging
  6207 | D:7      | Noticed Maurice
  6219 | D:7      | 6219 ||| FLEEEEING.
  6220 | D:7      | 6220 ||| FLEEEEING.
  6221 | D:7      | 6221 ||| FLEEEEING.
  6222 | D:7      | 6222 ||| FLEEEEING.
  6223 | D:7      | 6223 ||| FLEEEEING.
  6224 | D:7      | 6224 ||| FLEEEEING.
  6225 | D:7      | 6225 ||| FLEEEEING.
  6226 | D:7      | 6226 ||| FLEEEEING.
  6227 | D:7      | 6227 ||| FLEEEEING.
  6231 | D:7      | 6231 ||| FLEEEEING.
  6232 | D:7      | 6232 ||| FLEEEEING.
  6246 | D:7      | Maurice stole a ring of positive energy
  6247 | D:7      | Maurice stole 114 gold
  6248 | D:7      | Killed Maurice
  6249 | D:7      | Reached XP level 10. HP: 24/60 MP: 9/12
  6395 | D:7      | 6395 ||| READING scroll of enchant armour.
  6395 | D:7      | 6395 ||| ENCHANTING +0 ring mail.
  6445 | D:7      | Noticed Joseph
  6446 | D:7      | 6446 ||| ZAPPING wand of quicksilver (10) at 5,1 (Joseph;
                  | floor).
  6447 | D:7      | 6447 ||| FLEEEEING.
  6448 | D:7      | 6448 ||| FLEEEEING.
  6449 | D:7      | 6449 ||| FLEEEEING.
  6450 | D:7      | 6450 ||| FLEEEEING.
  6451 | D:7      | 6451 ||| FLEEEEING.
  6452 | D:7      | 6452 ||| FLEEEEING.
  6453 | D:7      | 6453 ||| FLEEEEING.
  6454 | D:7      | 6454 ||| FLEEEEING.
  6455 | D:7      | 6455 ||| FLEEEEING.
  6456 | D:7      | 6456 ||| FLEEEEING.
  6457 | D:7      | 6457 ||| FLEEEEING.
  6458 | D:7      | 6458 ||| FLEEEEING.
  6459 | D:7      | 6459 ||| FLEEEEING.
  6460 | D:7      | 6460 ||| FLEEEEING.
  6461 | D:7      | 6461 ||| FLEEEEING.
  6462 | D:7      | 6462 ||| FLEEEEING.
  6463 | D:7      | 6463 ||| FLEEEEING.
  6464 | D:7      | 6464 ||| FLEEEEING.
  6465 | D:7      | 6465 ||| FLEEEEING.
  6466 | D:7      | 6466 ||| STAIRDANCE
  6490 | D:6      | 6490 ||| UPGRADING to +1 cloak of stealth.
  6495 | D:6      | 6495 ||| DROPPING scarf of harm.
  6496 | D:6      | 6496 ||| UPGRADING to +4 ring of slaying {mikee}.
  6497 | D:6      | 6497 ||| DROPPING ring of positive energy.
  6498 | D:6      | 6498 ||| READING scroll of identify.
  6498 | D:6      | 6498 ||| IDENTIFYING dark potion
  6516 | D:7      | Killed Joseph
  6517 | D:7      | Reached skill level 3 in Armour
  6611 | D:7      | Found a staircase to the Ecumenical Temple.
  6612 | D:7      | 6612 ||| PLANNING TEMPLE
  6617 | Temple   | Entered the Ecumenical Temple
  6618 | Temple   | 6618 ||| PLANNING D:1-11
  6718 | D:8      | Found a bloodstained altar of Trog.
  6791 | D:8      | Reached skill level 6 in Fighting
  6829 | D:8      | Noticed a boulder beetle
  6832 | D:8      | Noticed a manticore
  6839 | D:8      | 6839 ||| ZAPPING wand of quicksilver (9) at 2,1 (manticore;
                  | floor).
  6840 | D:8      | 6840 ||| ZAPPING wand of quicksilver (8) at 2,1 (manticore;
                  | floor).
  6841 | D:8      | 6841 ||| ZAPPING wand of quicksilver (7) at 2,1 (manticore;
                  | floor).
  6842 | D:8      | Killed a manticore
  6866 | D:8      | Killed a boulder beetle
  6981 | D:8      | Identified the staff "Doij" {rN+ Str+2 Necro}
  7054 | D:8      | Found an ancient bone altar of Kikubaaqudgha.
  7462 | D:8      | 7462 ||| DROPPING +0 leather armour of cold resistance.
  7463 | D:8      | 7463 ||| DROPPING +2 helmet.
  7464 | D:8      | 7464 ||| UPGRADING to amulet of reflection.
  7469 | D:8      | 7469 ||| DROPPING amulet of magic regeneration.
  7470 | D:8      | 7470 ||| READING 2 scrolls labelled JIUNGO GIVVOAG.
  7471 | D:8      | 7471 ||| READING scroll labelled COQYIX HEUDGHE.
  7472 | D:8      | 7472 ||| DROPPING scroll of blinking.
  7592 | D:9      | 7592 ||| RETREEEEATING.
  7595 | D:9      | 7595 ||| RETREEEEATING.
  7596 | D:9      | 7596 ||| ZAPPING wand of quicksilver (6) at 1,2 (black
                  | bear; floor).
  7602 | D:9      | 7602 ||| RETREEEEATING.
  7603 | D:9      | 7603 ||| RETREEEEATING.
  7604 | D:9      | 7604 ||| RETREEEEATING.
  7605 | D:9      | 7605 ||| RETREEEEATING.
  7606 | D:9      | 7606 ||| RETREEEEATING.
  7619 | D:9      | HP: 10/63 [wyvern (6)]
  7620 | D:9      | 7620 ||| READING 3 scrolls of teleportation.
  7621 | D:9      | 7621 ||| DRINKING 4 potions of heal wounds.
  7627 | D:9      | HP: 15/63 [poisoned by a water moccasin]
  7934 | D:9      | Paralysed by a hornet for 1 turns
  7938 | D:9      | Reached skill level 12 in Dodging
  7938 | D:9      | Reached XP level 11. HP: 38/67 MP: 13/13
  8117 | D:9      | Found a staircase to the Lair.
  8294 | D:9      | Noticed Erica
  8307 | D:9      | HP: 12/67 [poisoned by Erica (bolt of poison)]
  8308 | D:9      | Killed Erica
  8308 | D:9      | HP: 4/67 [poisoned by Erica (bolt of poison)]
  8309 | D:9      | 8309 ||| DRINKING 3 potions of curing.
  8309 | D:9      | 8309 ||| (to cure poison)
  8649 | D:9      | 8649 ||| RETREEEEATING.
  8650 | D:9      | 8650 ||| RETREEEEATING.
  8651 | D:9      | 8651 ||| RETREEEEATING.
  8703 | D:9      | 8703 ||| FLEEEEING.
  8704 | D:9      | 8704 ||| FLEEEEING.
  8705 | D:9      | 8705 ||| FLEEEEING.
  8715 | D:9      | 8715 ||| FLEEEEING.
  8773 | D:9      | 8773 ||| FLEEEEING.
  8774 | D:9      | 8774 ||| FLEEEEING.
  8775 | D:9      | 8775 ||| FLEEEEING.
  8776 | D:9      | 8776 ||| FLEEEEING.
  8777 | D:9      | 8777 ||| FLEEEEING.
  8778 | D:9      | 8778 ||| FLEEEEING.
  8779 | D:9      | 8779 ||| FLEEEEING.
  8780 | D:9      | 8780 ||| FLEEEEING.
  8781 | D:9      | 8781 ||| FLEEEEING.
  8782 | D:9      | 8782 ||| FLEEEEING.
  8783 | D:9      | 8783 ||| FLEEEEING.
  8784 | D:9      | 8784 ||| FLEEEEING.
  8785 | D:9      | 8785 ||| FLEEEEING.
  8786 | D:9      | 8786 ||| FLEEEEING.
  8787 | D:9      | 8787 ||| FLEEEEING.
  8788 | D:9      | 8788 ||| FLEEEEING.
  8789 | D:9      | 8789 ||| FLEEEEING.
  8790 | D:9      | 8790 ||| FLEEEEING.
  8791 | D:9      | 8791 ||| FLEEEEING.
  8792 | D:9      | 8792 ||| FLEEEEING.
  8793 | D:9      | 8793 ||| FLEEEEING.
  8794 | D:9      | 8794 ||| FLEEEEING.
  8795 | D:9      | 8795 ||| FLEEEEING.
  8797 | D:9      | 8797 ||| FLEEEEING.
  8800 | D:9      | 8800 ||| FLEEEEING.
  8801 | D:9      | 8801 ||| FLEEEEING.
  8802 | D:9      | 8802 ||| FLEEEEING.
  8907 | D:9      | Found a staircase to the Orcish Mines.
  9569 | D:9      | 9569 ||| READING 2 scrolls of identify.
  9569 | D:9      | 9569 ||| IDENTIFYING lumpy blue potion
  9593 | D:10     | Entered Level 10 of the Dungeon
  9698 | D:10     | 9698 ||| FLEEEEING.
  9864 | D:10     | Noticed a two-headed ogre
  9873 | D:10     | Killed a two-headed ogre
  9919 | D:10     | Found a blossoming altar of Fedhas.
 10048 | D:10     | Found a portal to a secret trove of treasure.
 10129 | D:10     | Found Featsue's Magic Scroll Shoppe.
 10132 | D:10     | 10132 ||| BUYING scroll of identify (24 gold).
 10132 | D:10     | Bought a scroll of identify for 24 gold pieces
 10132 | D:10     | 10132 ||| BUYING scroll of identify (24 gold).
 10132 | D:10     | Bought a scroll of identify for 24 gold pieces
 10132 | D:10     | 10132 ||| BUYING scroll of identify (24 gold).
 10132 | D:10     | Bought a scroll of identify for 24 gold pieces
 10132 | D:10     | 10132 ||| BUYING scroll of teleportation (36 gold).
 10132 | D:10     | Bought a scroll of teleportation for 36 gold pieces
 10295 | D:10     | Found an iron altar of Okawaru.
 10296 | D:10     | 10296 ||| PLANNING OKAWARU WORSHIP
 10296 | D:10     | 10296 ||| UPGRADING to +0 acid dragon scales.
 10306 | D:10     | 10306 ||| DROPPING +1 ring mail.
 10313 | D:10     | Became a worshipper of Warmaster Okawaru
 10314 | D:10     | 10314 ||| PLANNING D:1-11
 10320 | D:10     | 10320 ||| READING scroll of enchant weapon.
 10320 | D:10     | 10320 ||| ENCHANTING +3 shortbow.
 10386 | D:10     | 10386 ||| PLANNING LAIR
 10428 | Lair:1   | Entered Level 1 of the Lair of Beasts
 10460 | Lair:1   | 10460 ||| RETREEEEATING.
 10487 | Lair:1   | HP: 15/69 [yak (6)]
 10488 | Lair:1   | 10488 ||| READING 3 scrolls of teleportation.
 10489 | Lair:1   | 10489 ||| DRINKING 3 potions of heal wounds.
 10496 | Lair:1   | HP: 17/69 [poisoned by a cane toad]
 10726 | Lair:1   | Reached * piety under Okawaru
 10742 | Lair:1   | Found a transporter.
 10755 | Lair:1   | 10755 ||| RETREEEEATING.
 10756 | Lair:1   | 10756 ||| RETREEEEATING.
 10757 | Lair:1   | 10757 ||| RETREEEEATING.
 10758 | Lair:1   | 10758 ||| RETREEEEATING.
 10759 | Lair:1   | 10759 ||| RETREEEEATING.
 10760 | Lair:1   | 10760 ||| RETREEEEATING.
 10761 | Lair:1   | 10761 ||| RETREEEEATING.
 10766 | Lair:1   | 10766 ||| RETREEEEATING.
 10767 | Lair:1   | 10767 ||| RETREEEEATING.
 10768 | Lair:1   | 10768 ||| RETREEEEATING.
 10771 | Lair:1   | 10771 ||| RETREEEEATING.
 10778 | Lair:1   | Reached skill level 1 in Invocations
 10797 | Lair:1   | Reached ** piety under Okawaru
 10837 | Lair:1   | 10837 ||| INVOKING Heroism.
 10846 | Lair:1   | 10846 ||| RETREEEEATING.
 10847 | Lair:1   | 10847 ||| RETREEEEATING.
 10852 | Lair:1   | Reached skill level 3 in Invocations
 10864 | Lair:1   | 10864 ||| INVOKING Heroism.
 10871 | Lair:1   | Reached XP level 12. HP: 72/75 MP: 13/16
 10889 | Lair:1   | 10889 ||| INVOKING Heroism.
 10890 | Lair:1   | 10890 ||| RETREEEEATING.
 10891 | Lair:1   | 10891 ||| RETREEEEATING.
 10892 | Lair:1   | 10892 ||| RETREEEEATING.
 10893 | Lair:1   | 10893 ||| RETREEEEATING.
 10894 | Lair:1   | 10894 ||| RETREEEEATING.
 10895 | Lair:1   | 10895 ||| RETREEEEATING.
 10896 | Lair:1   | 10896 ||| RETREEEEATING.
 10907 | Lair:1   | 10907 ||| INVOKING Heroism.
 10918 | Lair:1   | Reached skill level 9 in Fighting
 11003 | Lair:1   | Reached skill level 15 in Dodging
 11007 | Lair:1   | Reached *** piety under Okawaru
 11128 | Lair:1   | 11128 ||| READING scroll of enchant weapon.
 11128 | Lair:1   | 11128 ||| ENCHANTING +4 shortbow.
 11175 | Lair:1   | Noticed a catoblepas
 11176 | Lair:1   | 11176 ||| INVOKING Heroism.
 11177 | Lair:1   | 11177 ||| Stepping ~*~*~tactically~*~*~ (cloud).
 11180 | Lair:1   | 11180 ||| Stepping ~*~*~tactically~*~*~ (cloud).
 11189 | Lair:1   | 11189 ||| Stepping ~*~*~tactically~*~*~ (cloud).
 11193 | Lair:1   | Killed a catoblepas
 11435 | Lair:1   | 11435 ||| RETREEEEATING.
 11438 | Lair:1   | Noticed qw's ghost (novice SpHu)
 11443 | Lair:1   | 11443 ||| RETREEEEATING.
 11444 | Lair:1   | 11444 ||| RETREEEEATING.
 11445 | Lair:1   | 11445 ||| RETREEEEATING.
 11446 | Lair:1   | 11446 ||| RETREEEEATING.
 11447 | Lair:1   | 11447 ||| RETREEEEATING.
 11448 | Lair:1   | 11448 ||| RETREEEEATING.
 11449 | Lair:1   | 11449 ||| RETREEEEATING.
 11450 | Lair:1   | 11450 ||| RETREEEEATING.
 11452 | Lair:1   | 11452 ||| RETREEEEATING.
 11453 | Lair:1   | 11453 ||| RETREEEEATING.
 11556 | Lair:1   | Found a transporter.
 11744 | Lair:1   | 11744 ||| READING 4 scrolls of identify.
 11744 | Lair:1   | 11744 ||| IDENTIFYING viscous yellow potion
 11745 | Lair:1   | 11745 ||| READING 3 scrolls of identify.
 11745 | Lair:1   | 11745 ||| IDENTIFYING scroll labelled XIP PIQ QECESO
 11746 | Lair:1   | 11746 ||| READING scroll of brand weapon.
 11746 | Lair:1   | 11746 ||| BRANDING +5 shortbow.
 11810 | Lair:2   | 11810 ||| RETREEEEATING.
 11812 | Lair:2   | 11812 ||| RETREEEEATING.
 11815 | Lair:2   | 11815 ||| RETREEEEATING.
 11827 | Lair:2   | 11827 ||| RETREEEEATING.
 11879 | Lair:2   | Noticed Gastronok
 11880 | Lair:2   | 11880 ||| INVOKING Heroism.
 11881 | Lair:2   | 11881 ||| ZAPPING wand of quicksilver (5) at -6,7
                  | (Gastronok; floor).
 11882 | Lair:2   | 11882 ||| ZAPPING wand of quicksilver (4) at -5,6
                  | (Gastronok; floor).
 11883 | Lair:2   | 11883 ||| ZAPPING wand of quicksilver (3) at -5,6
                  | (Gastronok; floor).
 11884 | Lair:2   | 11884 ||| ZAPPING wand of quicksilver (2) at -4,5
                  | (Gastronok; floor).
 11885 | Lair:2   | 11885 ||| RETREEEEATING.
 11886 | Lair:2   | 11886 ||| RETREEEEATING.
 11887 | Lair:2   | 11887 ||| RETREEEEATING.
 11888 | Lair:2   | 11888 ||| RETREEEEATING.
 11889 | Lair:2   | 11889 ||| RETREEEEATING.
 11890 | Lair:2   | 11890 ||| RETREEEEATING.
 11891 | Lair:2   | 11891 ||| RETREEEEATING.
 11892 | Lair:2   | 11892 ||| RETREEEEATING.
 11893 | Lair:2   | 11893 ||| RETREEEEATING.
 11894 | Lair:2   | 11894 ||| RETREEEEATING.
 11895 | Lair:2   | 11895 ||| RETREEEEATING.
 11896 | Lair:2   | 11896 ||| RETREEEEATING.
 11897 | Lair:2   | 11897 ||| RETREEEEATING.
 11898 | Lair:2   | 11898 ||| INVOKING Heroism.
 12027 | Lair:2   | Reached **** piety under Okawaru
 12035 | Lair:2   | 12035 ||| INVOKING Finesse.
 12051 | Lair:2   | Killed Gastronok
 12243 | Lair:2   | Noticed Maggie
 12254 | Lair:2   | Killed Maggie
 12341 | Lair:2   | 12341 ||| RETREEEEATING.
 12351 | Lair:2   | Reached skill level 6 in Armour
 12397 | Lair:2   | 12397 ||| RETREEEEATING.
 12406 | Lair:2   | 12406 ||| RETREEEEATING.
 12407 | Lair:2   | 12407 ||| RETREEEEATING.
 12645 | Lair:2   | Reached XP level 13. HP: 82/82 MP: 18/18
 12851 | Lair:2   | 12851 ||| DROPPING +4 ring mail of Pragmatism {rC- Str+5
                  | Dex-2}.
 12852 | Lair:2   | 12852 ||| UPGRADING to +0 swamp dragon scales.
 12862 | Lair:2   | 12862 ||| DROPPING +0 acid dragon scales.
 12863 | Lair:2   | 12863 ||| UPGRADING to +0 pair of gloves.
 12868 | Lair:2   | 12868 ||| READING 2 scrolls of identify.
 12868 | Lair:2   | 12868 ||| IDENTIFYING bubbling ruby potion
 12869 | Lair:2   | 12869 ||| DROPPING potion of lignification.
 13023 | Lair:3   | 13023 ||| RETREEEEATING.
 13024 | Lair:3   | 13024 ||| RETREEEEATING.
 13025 | Lair:3   | 13025 ||| RETREEEEATING.
 13026 | Lair:3   | 13026 ||| RETREEEEATING.
 13027 | Lair:3   | 13027 ||| RETREEEEATING.
 13028 | Lair:3   | 13028 ||| RETREEEEATING.
 13029 | Lair:3   | 13029 ||| RETREEEEATING.
 13030 | Lair:3   | 13030 ||| RETREEEEATING.
 13031 | Lair:3   | 13031 ||| RETREEEEATING.
 13032 | Lair:3   | 13032 ||| RETREEEEATING.
 13033 | Lair:3   | 13033 ||| RETREEEEATING.
 13034 | Lair:3   | 13034 ||| RETREEEEATING.
 13035 | Lair:3   | 13035 ||| RETREEEEATING.
 13036 | Lair:3   | 13036 ||| RETREEEEATING.
 13038 | Lair:3   | 13038 ||| INVOKING Finesse.
 13144 | Lair:3   | 13144 ||| RETREEEEATING.
 13145 | Lair:3   | 13145 ||| RETREEEEATING.
 13147 | Lair:3   | 13147 ||| RETREEEEATING.
 13148 | Lair:3   | 13148 ||| RETREEEEATING.
 13149 | Lair:3   | 13149 ||| RETREEEEATING.
 13150 | Lair:3   | 13150 ||| RETREEEEATING.
 13151 | Lair:3   | 13151 ||| RETREEEEATING.
 13152 | Lair:3   | 13152 ||| RETREEEEATING.
 13159 | Lair:3   | 13159 ||| RETREEEEATING.
 13160 | Lair:3   | 13160 ||| RETREEEEATING.
 13167 | Lair:3   | Reached skill level 6 in Invocations
 13334 | Lair:3   | Reached ***** piety under Okawaru
 13590 | Lair:3   | Found a hole to the Spider Nest.
 13597 | Lair:3   | Received a gift from Okawaru
 13620 | Lair:3   | 13620 ||| SWAPPING to +1 arbalest of freezing.
 13621 | Lair:3   | 13621 ||| DROPPING +5 shortbow of flaming.
 13823 | Lair:3   | Found a staircase to the Swamp.
 14018 | Lair:4   | 14018 ||| RETREEEEATING.
 14019 | Lair:4   | 14019 ||| RETREEEEATING.
 14020 | Lair:4   | 14020 ||| RETREEEEATING.
 14021 | Lair:4   | 14021 ||| RETREEEEATING.
 14022 | Lair:4   | 14022 ||| RETREEEEATING.
 14023 | Lair:4   | 14023 ||| RETREEEEATING.
 14024 | Lair:4   | 14024 ||| RETREEEEATING.
 14025 | Lair:4   | 14025 ||| RETREEEEATING.
 14026 | Lair:4   | 14026 ||| RETREEEEATING.
 14027 | Lair:4   | 14027 ||| RETREEEEATING.
 14028 | Lair:4   | 14028 ||| INVOKING Finesse.
 14274 | Lair:4   | 14274 ||| RETREEEEATING.
 14275 | Lair:4   | 14275 ||| RETREEEEATING.
 14276 | Lair:4   | 14276 ||| RETREEEEATING.
 14277 | Lair:4   | 14277 ||| RETREEEEATING.
 14279 | Lair:4   | 14279 ||| RETREEEEATING.
 14349 | Lair:4   | Reached skill level 15 in Ranged Weapons
 14619 | Lair:4   | 14619 ||| RETREEEEATING.
 14622 | Lair:4   | 14622 ||| RETREEEEATING.
 14623 | Lair:4   | 14623 ||| RETREEEEATING.
 14626 | Lair:4   | 14626 ||| RETREEEEATING.
 14627 | Lair:4   | 14627 ||| RETREEEEATING.
 14628 | Lair:4   | 14628 ||| RETREEEEATING.
 14629 | Lair:4   | 14629 ||| RETREEEEATING.
 14632 | Lair:4   | 14632 ||| RETREEEEATING.
 14830 | Lair:4   | Reached skill level 9 in Invocations
 15175 | Lair:5   | Entered Level 5 of the Lair of Beasts
 15187 | Lair:5   | 15187 ||| Stepping ~*~*~tactically~*~*~ (cloud).
 15189 | Lair:5   | 15189 ||| Stepping ~*~*~tactically~*~*~ (cloud).
 15192 | Lair:5   | 15192 ||| Stepping ~*~*~tactically~*~*~ (cloud).
 15196 | Lair:5   | 15196 ||| Stepping ~*~*~tactically~*~*~ (cloud).
 15200 | Lair:5   | 15200 ||| Stepping ~*~*~tactically~*~*~ (cloud).
 15265 | Lair:5   | Noticed a dire elephant
 15267 | Lair:5   | Noticed a dire elephant
 15267 | Lair:5   | Noticed a dire elephant
 15268 | Lair:5   | 15268 ||| INVOKING Finesse.
 15274 | Lair:5   | Killed a dire elephant
 15302 | Lair:5   | Found the sphere of Battle
 15331 | Lair:5   | Reached skill level 16 in Ranged Weapons
 15371 | Lair:5   | 15371 ||| RETREEEEATING.
 15373 | Lair:5   | 15373 ||| RETREEEEATING.
 15374 | Lair:5   | 15374 ||| RETREEEEATING.
 15375 | Lair:5   | 15375 ||| RETREEEEATING.
 15376 | Lair:5   | 15376 ||| RETREEEEATING.
 15377 | Lair:5   | 15377 ||| RETREEEEATING.
 15378 | Lair:5   | 15378 ||| RETREEEEATING.
 15382 | Lair:5   | 15382 ||| RETREEEEATING.
 15383 | Lair:5   | 15383 ||| RETREEEEATING.
 15387 | Lair:5   | HP: 7/82 [elephant simulacrum[a necromancer] (26)]
 15388 | Lair:5   | 15388 ||| READING 3 scrolls of teleportation.
 15389 | Lair:5   | 15389 ||| DRINKING 3 potions of heal wounds.
 15390 | Lair:5   | 15390 ||| DRINKING 2 potions of heal wounds.
 15555 | Lair:5   | 15555 ||| RETREEEEATING.
 15556 | Lair:5   | 15556 ||| RETREEEEATING.
 15557 | Lair:5   | 15557 ||| RETREEEEATING.
 15558 | Lair:5   | 15558 ||| RETREEEEATING.
 15559 | Lair:5   | 15559 ||| RETREEEEATING.
 15560 | Lair:5   | 15560 ||| RETREEEEATING.
 15561 | Lair:5   | 15561 ||| RETREEEEATING.
 15562 | Lair:5   | 15562 ||| RETREEEEATING.
 15563 | Lair:5   | 15563 ||| RETREEEEATING.
 15564 | Lair:5   | 15564 ||| RETREEEEATING.
 15565 | Lair:5   | 15565 ||| RETREEEEATING.
 15571 | Lair:5   | 15571 ||| RETREEEEATING.
 15572 | Lair:5   | 15572 ||| RETREEEEATING.
 15575 | Lair:5   | 15575 ||| RETREEEEATING.
 15587 | Lair:5   | Reached XP level 14. HP: 88/88 MP: 23/23
 15597 | Lair:5   | Received a gift from Okawaru
 15671 | Lair:5   | 15671 ||| RETREEEEATING.
 15672 | Lair:5   | 15672 ||| RETREEEEATING.
 15673 | Lair:5   | 15673 ||| RETREEEEATING.
 15674 | Lair:5   | 15674 ||| RETREEEEATING.
 15675 | Lair:5   | 15675 ||| RETREEEEATING.
 15676 | Lair:5   | 15676 ||| RETREEEEATING.
 15677 | Lair:5   | 15677 ||| RETREEEEATING.
 15678 | Lair:5   | 15678 ||| RETREEEEATING.
 15685 | Lair:5   | 15685 ||| RETREEEEATING.
 15686 | Lair:5   | 15686 ||| RETREEEEATING.
 15687 | Lair:5   | 15687 ||| RETREEEEATING.
 15690 | Lair:5   | 15690 ||| RETREEEEATING.
 15691 | Lair:5   | 15691 ||| RETREEEEATING.
 15692 | Lair:5   | 15692 ||| RETREEEEATING.
 15693 | Lair:5   | 15693 ||| RETREEEEATING.
 15694 | Lair:5   | 15694 ||| RETREEEEATING.
 15695 | Lair:5   | 15695 ||| RETREEEEATING.
 15696 | Lair:5   | 15696 ||| RETREEEEATING.
 15697 | Lair:5   | 15697 ||| RETREEEEATING.
 15698 | Lair:5   | 15698 ||| RETREEEEATING.
 15699 | Lair:5   | 15699 ||| RETREEEEATING.
 15700 | Lair:5   | 15700 ||| RETREEEEATING.
 15701 | Lair:5   | 15701 ||| RETREEEEATING.
 15702 | Lair:5   | 15702 ||| RETREEEEATING.
 15703 | Lair:5   | 15703 ||| RETREEEEATING.
 15704 | Lair:5   | 15704 ||| RETREEEEATING.
 15705 | Lair:5   | 15705 ||| INVOKING Finesse.
 15724 | Lair:5   | Reached skill level 17 in Ranged Weapons
 15729 | Lair:5   | 15729 ||| DRINKING 2 potions of cancellation.
 15731 | Lair:5   | 15731 ||| DRINKING potion of cancellation.
 15736 | Lair:5   | HP: 19/88 [elephant (4)]
 15744 | Lair:5   | 15744 ||| READING 2 scrolls of teleportation.
 15745 | Lair:5   | 15745 ||| DRINKING potion of heal wounds.
 16076 | Lair:5   | 16076 ||| RETREEEEATING.
 16077 | Lair:5   | 16077 ||| RETREEEEATING.
 16078 | Lair:5   | 16078 ||| RETREEEEATING.
 16079 | Lair:5   | 16079 ||| RETREEEEATING.
 16080 | Lair:5   | 16080 ||| RETREEEEATING.
 16081 | Lair:5   | 16081 ||| INVOKING Finesse.
 16115 | Lair:5   | Reached skill level 18 in Ranged Weapons
 16125 | Lair:5   | Received a gift from Okawaru
 16384 | Lair:5   | Found a viscous altar of Jiyva.
 16385 | Lair:5   | Found a staircase to the Slime Pits.
 16654 | Lair:5   | HP: 11/88 [dire elephant (18)]
 16654 | Lair:5   | HP: 5/88 [dire elephant (6)]
 16655 | Lair:5   | 16655 ||| READING scroll of teleportation.
 16656 | Lair:5   | HP: 2/88 [dire elephant (4)]
 17149 | Lair:5   | Identified the +8 flail of Karma {venom, SInv}
 17159 | Lair:5   | Reached ****** piety under Okawaru
 17172 | Lair:5   | HP: 17/84 [necromancer/bolt of negative energy (27)]
 17173 | Lair:5   | Annihilated by a dire elephant simulacrum

Levels and vault maps discovered:
D:1:      minmay_arrival_up_and_down, layout_rooms, serial_shops,
          nicolae_book_shop_shelving, minmay_pentomino_q2
D:2:      layout_rooms, hellmonk_ecumenical_altar_watching_god, uniq_natasha
D:3:      layout_loops_cross, grunt_ministairs_13, kennysheep_nondescript,
          uniq_jessica
D:4:      layout_loops_ring, serial_shops, shop, shop,
          nicolae_shop_pleasant_corner_grove, gup_sewer_entry_pipe,
          uniq_crazy_yiuf_cottage
D:5:      layout_loops_ring, serial_shops, shop, uniq_blork_the_orc,
          uniq_eustachio
D:6:      layout_rooms, mainiacjoe_overflow_tiny_flanked,
          minmay_misc_feat_rugged, nicolae_eternal_life, serial_bayou_crossing
D:7:      minmay_chambers_of_fours, layout_basic, nicolae_ashenzari_skybound,
          minmay_temple_entry_fiery, uniq_joseph, uniq_maurice
D:8:      minmay_the_grid_four_pointed_star
          [minmay_the_grid_triangle_9x9_sparse_checkered,
          minmay_the_grid_triangle_9x9_skeleton,
          minmay_the_grid_triangle_9x9_minimal,
          minmay_the_grid_triangle_9x9_limited_checkers,
          minmay_the_grid_prize_diamond_cup], layout_rooms,
          mainiacjoe_overflow_24_doors, tgw_kikubaaqudgha
D:9:      layout_grid_maze, minmay_lair_entry_grove, david_orc_5, uniq_erica
D:10:     layout_loops_ring, mainiacjoe_overflow_boulevard, okawaru_gym_becter,
          nicolae_trove_entry_crossroad, serial_shops, kennysheep_mini_moat
Temple:   nicolae_temple_x_marks_the_god
Lair:1:   layout_chaotic_city, gammafunk_ghost_abyssal_escape,
          grunt_megastairs_4
Lair:2:   layout_cave_pods, lemuel_fruit_tree, uniq_gastronok, uniq_maggie
Lair:3:   layout_cave_pods, minmay_swamp_entry_worms,
          hellmonk_spider_entry_not_the_bees
Lair:4:   layout_hall_layers
Lair:5:   due_jungle_book, layout_loops_ring, minmay_slime_entry_eyes,
          grunt_megastairs_1

Skill      XL: |  1  2  3  4  5  6  7  8  9 10 11 12 13 14 |
---------------+-------------------------------------------+-----
Ranged Weapons | 6 7 8 9 10 12 14 16 18 | 18.0
Fighting       | 2 3 5 7 8 10 | 10.6
Armour         | 1 2 4 6 8 |  8.0
Dodging        | 3 4 6 9 12 14 16 | 16.2
Invocations    | 3 5 10 | 10.0
Stealth        | |  1.2

Action                     |  1- 3 |  4- 6 |  7- 9 | 10-12 | 13-15 || total
---------------------------+-------+-------+-------+-------+-------++-------
   Fire: Shortbow          |    84 |   199 |   395 |   903 |   122 ||  1703
         Arbalest          |       |       |       |       |   432 ||   432
 Invoke: Heroism           |       |       |       |     7 |       ||     7
         Finesse           |       |       |       |     1 |     4 ||     5
  Evoke: Wand              |       |       |       |     9 |       ||     9
    Use: Scroll            |     2 |     8 |    14 |    12 |     4 ||    40
         Potion            |     1 |     3 |     1 |     3 |     5 ||    13
 Armour: Ring mail         |    25 |    40 |    93 |   119 |       ||   277
         Acid dragon scale |       |       |       |    68 |       ||    68
         Swamp dragon scal |       |       |       |       |   191 ||   191
  Dodge: Dodged            |    18 |    40 |   119 |   388 |   271 ||   836
  Block: Other             |       |       |       |    89 |    71 ||   160
         Reflection        |       |       |       |     1 |     1 ||     2

Table legend:
 A = Non-vault XP
 B = Vault XP
 C = Vault XP percentage of total XP
 D = Non-vault monster count
 E = Vault monster count
 F = Vault count percentage of total count
                 A         B        C        D         E       F
            +---------+---------+-------+---------+---------+-------
      Total |   64515 |   23326 |  26.6 |     385 |     111 |  22.4
            +---------+---------+-------+---------+---------+-------
        D:1 |      30 |       4 |  11.8 |      16 |       2 |  11.1
        D:2 |     105 |      35 |  25.0 |      19 |       1 |   5.0
        D:3 |      66 |      43 |  39.4 |      12 |       3 |  20.0
        D:4 |     257 |      10 |   3.7 |      20 |       5 |  20.0
        D:5 |     575 |     307 |  34.8 |      26 |       2 |   7.1
        D:6 |     833 |       0 |   0.0 |      14 |       0 |   0.0
        D:7 |    1009 |    2636 |  72.3 |      33 |       8 |  19.5
        D:8 |     772 |    1948 |  71.6 |      20 |       9 |  31.0
        D:9 |    2566 |    3448 |  57.3 |      30 |      32 |  51.6
       D:10 |    2341 |       0 |   0.0 |      18 |       0 |   0.0
     Lair:1 |   12313 |     548 |   4.3 |      49 |       2 |   3.9
     Lair:2 |    6425 |    1933 |  23.1 |      24 |       2 |   7.7
     Lair:3 |    8295 |     759 |   8.4 |      27 |       3 |  10.0
     Lair:4 |    8950 |       0 |   0.0 |      30 |       0 |   0.0
     Lair:5 |   19978 |   11361 |  36.3 |      47 |      25 |  34.7
      Sewer |       0 |     294 | 100.0 |       0 |      17 | 100.0
            +---------+---------+-------+---------+---------+-------
